 Dungeon Crawl Stone Soup version 0.28-a0-101-g18048e5a82 (webtiles) character file.

Game seed: 12789466282273371584

574 ipx the Frost Mage (level 7, -1/36 HPs)
             Began as a Deep Elf Ice Elementalist on Aug 10, 2021.
             Slain by a howler monkey zombie (4 damage)
             ... on level 5 of the Dungeon.
             The game lasted 00:22:27 (1564 turns).

ipx the Frost Mage (Deep Elf Ice Elementalist)      Turns: 1564, Time: 00:22:28

Health: -1/36      AC: 14    Str:  4 (5)  XL:     7   Next: 12%
Magic:  1/15       EV: 12    Int: 21 (22) God:
Gold:   162        SH:  0    Dex: 14 (15) Spells: 3/14 levels left

rFire   . . .      SeeInvis .   h - +0 great sword
rCold   . . .      Faith    .   (shield currently unavailable)
rNeg    . . .      Spirit   .   p - +0 robe
rPois   .          Reflect  .   k - +0 helmet
rElec   .          Harm     .   l - +0 cloak
rCorr   .          Rampage  .   j - +0 pair of gloves
Will    .....                   d - +0 pair of boots
Stlth   ++........              J - amulet of regeneration
HPRegen 0.12/turn               (no ring)
MPRegen 0.14/turn               (no ring)

@: ice-armoured
A: no striking features
a: no special abilities


You were on level 5 of the Dungeon.
You visited 1 branch of the dungeon, and saw 7 of its levels.

You collected 162 gold pieces.

Inventory:

Hand Weapons
 a - a +0 dagger of venom
 h - a +0 great sword (weapon)
Missiles
 i - 20 poisoned darts
Armour
 d - a +0 pair of boots (worn)
 j - a +0 pair of gloves (worn)
 k - a +0 helmet (worn)
 l - a +0 cloak (worn)
 p - a +0 robe (worn)
Jewellery
 J - an amulet of regeneration (around neck)
Scrolls
 b - 2 scrolls of identify
 e - a scroll of silence {unknown}
 m - a scroll of amnesia {unknown}
 o - a scroll of holy word {unknown}


   Skills:
 - Level 2.4 Dodging
 - Level 2.4 Stealth
 - Level 4.0 Spellcasting
 + Level 4.3 Conjurations
 - Level 8.0 Ice Magic


You had 3 spell levels left.
You knew the following spells:

 Your Spells              Type           Power      Damage    Failure   Level
a - Hailstorm             Conj/Ice       30%        3d8       10%         4
o - Ozocubu's Armour      Ice            37%        N/A       1%          3
r - Frozen Ramparts       Ice            74%        1d9       1%          3
z - Freeze                Ice            100%       1d11      1%          1

Your spell library contained the following spells:

 Spells                   Type           Power      Damage    Failure   Level
 Summon Small Mammal      Summ           16%        N/A       12%         1
 Call Canine Familiar     Summ           4%         N/A       34%         3
 Summon Guardian Golem    Hex/Summ       4%         N/A       34%         3
 Animate Dead             Necr           2%         N/A       75%         4
 Haunt                    Necr/Summ      2%         N/A       100%        7
 Infestation              Necr           2%         N/A       100%        8


Dungeon Overview and Level Annotations

Branches:
Dungeon (7/15)
 Temple: D:4-7

Altars:
Nemelex Xobeh

Shops:
D:3 (

Annotations:
D:4 Grinder


Message History

Okay, then.
Okay, then.
It was a potion of degeneration.
There was something very wrong with that liquid.
You feel weakened.
You feel dopey.
You feel clumsy.
The howler monkey zombie resists.
The wall freezes the howler monkey zombie.
The howler monkey zombie barely misses you.
You barely miss the howler monkey zombie.
The howler monkey zombie is lightly damaged.
The howler monkey zombie resists.
The wall freezes the howler monkey zombie.
The howler monkey zombie barely misses you.
The howler monkey zombie completely resists.
The wall freezes the howler monkey zombie but does no damage.
The howler monkey zombie hits you but does no damage.
You barely miss the howler monkey zombie.
The howler monkey zombie is moderately damaged.
The howler monkey zombie completely resists.
The wall freezes the howler monkey zombie but does no damage.
The howler monkey zombie hits you but does no damage.
The howler monkey zombie completely resists.
The wall freezes the howler monkey zombie but does no damage.
The howler monkey zombie hits you but does no damage.
You slash the howler monkey zombie!
The howler monkey zombie is severely damaged.
The howler monkey zombie completely resists.
The wall freezes the howler monkey zombie but does no damage.
The howler monkey zombie hits you.
* * * LOW HITPOINT WARNING * * *
You hit the howler monkey zombie.
The howler monkey zombie is severely damaged.
The frozen ramparts melt away.
The howler monkey zombie hits you.
* * * LOW HITPOINT WARNING * * *
The howler monkey zombie hits you.
* * * LOW HITPOINT WARNING * * *
You barely miss the howler monkey zombie.
The howler monkey zombie is severely damaged.
The howler monkey zombie hits you.
You die...

h##....#...Z.O.Z.....#
#[#....#.#######.#####
#....#.# #.# #....#.#
#O# #......# #.## ##
##.#.#### #.###..h#
##.#Z##.# #@## .. ###
##


You could see a howler monkey zombie.

Vanquished Creatures
  A water moccasin (D:7)
  An ogre (D:5)
  A wyvern zombie (D:5)
  3 hounds (D:5)
  A jelly (D:4)
  A centaur skeleton (D:4)
  2 iguanas
  An orc wizard (D:5)
  Robin (D:3)
  2 adders
  2 worms
  A dart slug (D:1)
  7 orcs
  4 ball pythons
  6 bats
  5 endoplasms
  A giant cockroach (D:3)
  12 goblins
  4 hobgoblins
  2 jackals (D:1)
  A quokka (D:1)
  2 frilled lizards
  4 kobolds
  2 rats (D:3)
67 creatures vanquished.

Notes
Turn   | Place    | Note
-------+----------+-------------------------------------------
     0 | D:1      | ipx the Deep Elf Ice Elementalist began the quest for the
                  | Orb.
     0 | D:1      | Reached XP level 1. HP: 10/10 MP: 6/6
    92 | D:1      | Reached XP level 2. HP: 11/15 MP: 2/8
    98 | D:1      | Reached skill level 5 in Ice Magic
   357 | D:2      | Found a sparkling altar of Nemelex Xobeh.
   507 | D:3      | Noticed Robin
   531 | D:3      | Reached XP level 3. HP: 19/19 MP: 6/9
   535 | D:3      | Learned a level 3 spell: Frozen Ramparts
   539 | D:3      | Learned a level 3 spell: Ozocubu's Armour
   738 | D:3      | Reached skill level 6 in Ice Magic
   751 | D:3      | Killed Robin
   752 | D:3      | Reached XP level 4. HP: 15/24 MP: 0/10
   929 | D:4      | Noticed Grinder
   985 | D:4      | Reached skill level 7 in Ice Magic
   985 | D:4      | Reached XP level 5. HP: 27/28 MP: 3/11
  1030 | D:3      | Found Culemiut's Antique Weapon Shop.
  1214 | D:4      | You fall into a shaft and drop 3 floors!
  1217 | D:7      | Noticed a centaur
  1219 | D:7      | Noticed a water moccasin
  1228 | D:7      | Killed a water moccasin
  1229 | D:7      | Reached skill level 8 in Ice Magic
  1229 | D:7      | Reached XP level 6. HP: 10/32 MP: 2/13
  1242 | D:7      | Learned a level 4 spell: Hailstorm
  1296 | D:5      | Entered Level 5 of the Dungeon
  1470 | D:6      | Noticed a gargoyle
  1487 | D:5      | Reached skill level 1 in Conjurations
  1559 | D:5      | Reached XP level 7. HP: 8/36 MP: 0/15
  1564 | D:5      | Slain by a howler monkey zombie

Illustrated notes

Levels and vault maps discovered:
D:1:      minmay_arrival_up_and_down, layout_basic,
          dreamdust_ecumenical_altar_hidden_monk_grotto
D:2:      layout_basic, basic_altar
D:3:      layout_loops_ring, serial_shops, shop, minmay_pentomino_pile,
          uniq_robin
D:4:      layout_basic, grunt_dithmenos_smoke_and_mirrors, uniq_grinder
D:5:      layout_loops_cross, serial_shops, shop, minmay_increasing_density,
          uniq_eustachio
D:6:      layout_rooms, minmay_hedge_maze
D:7:      layout_basic, minmay_temple_entry_junction

Skill      XL: |  1  2  3  4  5  6 |
---------------+-------------------+-----
Ice Magic      | 5 6 7 8 |  8.0
Spellcasting   | 4 |  4.0
Conjurations   | 4 |  4.3
Dodging        | |  2.4
Stealth        | |  2.4

Action                   |  1- 3 |  4- 6 |  7- 9 || total
-------------------------+-------+-------+-------++-------
Melee: Dagger            |       |    34 |       ||    34
       Great sword       |       |    11 |     5 ||    16
 Cast: Freeze            |    49 |    18 |       ||    67
       Frozen Ramparts   |     3 |    13 |       ||    16
       Ozocubu's Armour  |     1 |     5 |       ||     6
       Hailstorm         |       |     1 |       ||     1
  Use: Potion            |       |     8 |     1 ||     9
       Scroll            |       |     3 |       ||     3
 Stab: Sleeping          |       |     1 |       ||     1
Armor: Robe              |    16 |    39 |     3 ||    58
Dodge: Dodged            |    20 |    46 |     2 ||    68
       Rpst.: Great sword |       |     3 |       ||     3

Table legend: (Time is in decaauts)
 A = Elapsed time spent in this place.
 B = Non-inter-level travel time spent in this place.
 C = Inter-level travel time spent in this place.
 D = Time resting spent in this place.
 E = Time spent auto-exploring this place.
 F = Levels seen in this place.
 G = Mean time per level.
                   A        B        C        D        E       F      G
               +--------+--------+--------+--------+--------+-----+--------+
         Total |   1616 |   1609 |      7 |      0 |      0 |   7 |  230.9 |
       Dungeon |   1616 |   1609 |      7 |      0 |      0 |   7 |  230.9 |
               +--------+--------+--------+--------+--------+-----+--------+

Top non-repeatable levels by time:
     D:3: 405 daAuts
     D:1: 372 daAuts
     D:2: 298 daAuts
     D:6: 221 daAuts
     D:4: 166 daAuts
     D:5: 97 daAuts
     D:7: 56 daAuts
